 Dungeon Crawl Stone Soup version 0.21-a0-104-g7b58145 (webtiles) character file.

80 HAL9000 the Chucker (level 4, 0/44 HPs)
             Began as an Ogre Hunter on July 5, 2017.
             Slain by a hornet zombie (10 damage)
             ... on level 3 of the Dungeon.
             The game lasted 00:04:09 (2099 turns).

HAL9000 the Chucker (Ogre Hunter)                   Turns: 2099, Time: 00:04:10

Health: 0/44       AC:  3    Str: 17    XL:     4   Next: 39%
Magic:  4/4        EV: 10    Int: 12    God:
Gold:   164        SH:  0    Dex:  9    Spells: 3/3 levels left

rFire    . . .     SeeInvis .   z - +0 flail
rCold    . . .     Gourm    .   (no shield)
rNeg     . . .     Faith    .   b - +0 robe
rPois    .         Spirit   .   (helmet restricted)
rElec    .         Reflect  .   (no cloak)
rCorr    .         Harm     .   (gloves unavailable)
MR       .....                  (boots unavailable)
Stlth    +.........             y - amulet of magic regeneration
HPRegen  0.14/turn              p - +1 ring of slaying
MPRegen  0.34/turn              (no ring)

@: no status effects
A: unfitting armour, tough skin 1
a: no special abilities


You were on level 3 of the Dungeon.
You were not hungry.

You visited 1 branch of the dungeon, and saw 3 of its levels.

You collected 164 gold pieces.

Inventory:

Hand Weapons
 z - a +0 flail (weapon)
Missiles
 c - 4 large rocks (quivered)
 d - 2 throwing nets
 q - 2 javelins
Armour
 b - a +0 robe (worn)
Jewellery
 p - a +1 ring of slaying (left hand)
 y - an amulet of magic regeneration (around neck)
 B - a cursed ring of loudness {unknown}
Scrolls
 i - 4 scrolls of remove curse {unknown}
 j - 2 scrolls of immolation {unknown}
 k - a scroll of identify {unknown}
 n - a scroll of recharging {unknown}
 r - a scroll of magic mapping {unknown}
 s - 3 scrolls of enchant weapon {unknown}
 x - a scroll of random uselessness {unknown}
Potions
 m - a potion of berserk rage {unknown}
 t - a potion of flight {unknown}
 u - a potion of resistance {unknown}
 v - a potion of curing {unknown}
 A - a potion of invisibility {unknown}
Comestibles
 f - 4 bread rations
 g - 2 royal jellies
 C - 2 chunks of flesh


   Skills:
 - Level 2.6 Fighting
   Level 1.5 Short Blades
 + Level 2.6 Maces & Flails
 - Level 4.0 Throwing
 - Level 1.7 Dodging
 - Level 0.6 Stealth


You had 3 spell levels left.
You didn't know any spells.

Dungeon Overview and Level Annotations

Branches:
Dungeon (3/15)

Altars:
Nemelex Xobeh


Innate Abilities, Weirdness & Mutations

You are too large for most types of armour.
You have tough skin. (AC +1)


Message History

You are too injured to fight recklessly!
You are too injured to fight recklessly!
You are too injured to fight recklessly!
You are too injured to fight recklessly!
You are too injured to fight recklessly!
Unknown command.
The hornet zombie hits you.
* * * LOW HITPOINT WARNING * * *
You barely miss the hornet zombie.
The hornet zombie is lightly damaged.
The hornet zombie barely misses you.
You hit the hornet zombie.
The hornet zombie is lightly damaged.
The hornet zombie hits you but does no damage.
The hornet zombie hits you.
* * * LOW HITPOINT WARNING * * *
You hit the hornet zombie.
The hornet zombie is lightly damaged.
The hornet zombie hits you!
You die...

#.# #......... #.##
##......).. #..#
##....)..... ##.#
###......###..
#.###......### #..
#..##.#...## ##.
##.#.....## #.
##.......# #.
###########@.)....##
#.
#.....#...Z...#####
#. .........######
#. ).......## ##.
........# #..
........# #.#
......... ########.#
......... ..........
.......... ######.##


You could see a hornet zombie.

Vanquished Creatures
  An ooze (D:1)
  2 worms (D:2)
  2 leopard geckos
  4 orcs (D:3)
  5 bats
  2 giant cockroaches
  8 goblins
  14 hobgoblins
  2 jackals (D:2)
  2 quokkas
  2 ball pythons
  A frilled lizard (D:2)
  5 kobolds
  5 rats
55 creatures vanquished.

Notes
Turn   | Place    | Note
-------+----------+-------------------------------------------
     0 | D:1      | HAL9000 the Ogre Hunter began the quest for the Orb.
     0 | D:1      | Reached XP level 1. HP: 22/22 MP: 1/1
    99 | D:1      | Reached skill level 1 in Short Blades
   113 | D:1      | Reached XP level 2. HP: 29/29 MP: 2/2
   644 | D:2      | Reached XP level 3. HP: 36/36 MP: 3/3
   656 | D:2      | Reached skill level 1 in Maces & Flails
  1282 | D:2      | Found a sparkling altar of Nemelex Xobeh.
  1444 | D:2      | Found a faded altar of an unknown god.
  1525 | D:3      | Reached XP level 4. HP: 44/44 MP: 4/4
  2099 | D:3      | Slain by a hornet zombie

Vault maps used:
D:1:      eino_arrival_tree_alley
D:2:      first_bread, chequers_ecumenical_altar_twisty, nemelex_altar_shiori
D:3:      grunt_temple_overflow_lords_of_destruction, uniq_terence

Skill      XL: |  1  2  3 |
---------------+----------+-----
Short Blades   | 1 |  1.5
Maces & Flails | 2 |  2.6
Fighting       | |  2.6
Throwing       | |  4.0
Dodging        | |  1.7
Stealth        | |  0.6

Action                   |  1- 3 |  4- 6 || total
-------------------------+-------+-------++-------
Melee: Short sword       |    32 |       ||    32
       Mace              |    88 |    16 ||   104
       Flail             |       |    44 ||    44
Throw: Large rock        |     5 |       ||     5
 Stab: Sleeping          |     3 |       ||     3
  Eat: Chunk             |     2 |     2 ||     4
Armor: Robe              |    46 |    19 ||    65
Dodge: Dodged            |   101 |    42 ||   143
